Map: Babylon LE

Players

dodi

  • Race: Zerg Zerg
  • League: Master
  • Spawn Location: 5:00

DieMauer - Winner!

  • Race: Terran Terran
  • League: Master
  • Spawn Location: 11:00

VOD

Have the link to the VOD?

Description

Time

  • Played on: Sept. 17, 2023, 9 a.m.
  • Length: 10:08
Show
View Real Time Build Order
Export as new Build Order

dodi Zerg 

Build Orders: Hatch First 

Get SALT Encoding   

  12  0:01  Drone  
  13  0:13  Overlord  
  13  0:17  Drone  
  14  0:31  Drone x2  
  16  0:48  Hatchery  
  15  0:52  Drone  
  15  0:55  Drone  
  17  0:59  Drone  
  18  1:08  Extractor  
  17  1:14  Spawning Pool  
  17  1:18  Drone  
  17  1:22  Drone  
  18  1:28  Drone  
  19  1:40  Drone  
  20  1:50  Drone  
  21  2:01  Queen x2  
  21  2:02  Zergling x4  
  27  2:11  Drone  
  27  2:12  Overlord  
  28  2:24  Hatchery  
  28  2:27  Drone  
  28  2:32  Metabolic Boost  
  28  2:35  Drone  
  29  2:37  Drone  
  29  2:41  Drone  
  29  2:44  Overlord  
  31  2:51  Drone  
  32  2:55  Queen  
  34  2:59  Drone  
  34  3:00  Drone  
  36  3:06  Drone, Zergling x2  
  38  3:12  Overlord  
  37  3:30  Overlord, Queen  
  37  3:32  Drone x2  
  37  3:33  Drone x2  
  43  3:36  Queen  
  43  3:38  Queen  
  43  3:40  Zergling x2  
  48  3:49  Zergling x8  
  52  3:57  Drone  
  52  4:01  Drone  
  52  4:02  Overlord  
  54  4:05  Drone  
  54  4:08  Queen  
  57  4:20  Overlord, Queen x2  
  57  4:22  Drone x4  
  65  4:30  Spore Crawler  
  65  4:31  Drone  
  65  4:40  Zergling x12  
  65  4:44  Queen  
  73  4:46  Baneling Nest  
  72  4:53  Zergling x2  
  69  5:02  Zergling x14  
  70  5:13  Queen x2  
  62  5:19  Drone x5  
  66  5:23  Drone  
  67  5:32  Drone x5  
  67  5:34  Drone x2  
  74  5:42  Drone  
  74  5:47  Lair  
  74  5:48  Overlord x2  
  74  6:02  Hatchery  
  73  6:04  Overlord  
  73  6:08  Drone  
  73  6:09  Extractor x3, Drone x5  
  73  6:10  Drone  
  77  6:20  Overlord  
  77  6:22  Zergling x6  
  80  6:30  Overlord  
  80  6:32  Drone x6  
  86  6:33  Evolution Chamber  
  86  6:34  Drone, Evolution Chamber  
  86  6:35  Drone  
  86  6:41  Drone x4  
  89  6:50  Drone x3  
  81  7:01  Zerg Melee Weapons Level 1  
  81  7:02  Zerg Ground Armor Level 1, Drone  
  81  7:03  Drone x7  
  81  7:07  Overlord x2  
  89  7:19  Centrifugal Hooks  
  89  7:26  Zergling x18  
  98  7:34  Drone  
  98  7:37  Zergling x6  
  100  7:40  Hatchery  
  100  7:41  Hydralisk Den  
  100  7:44  Drone  
  100  7:45  Overlord  
  100  7:47  Overseer  
  101  7:51  Overlord x2  
  101  7:53  Drone x2  
  103  8:14  Overlord x2, Extractor, Hydralisk x5  
  103  8:17  Drone x6  
  119  8:20  Drone  
  119  8:21  Overseer, Muscular Augments  
  118  8:43  Hydralisk x5  
  118  8:47  Drone x2  
  118  8:48  Drone x2  
  132  8:50  Overlord x2, Zergling x2  
  132  8:51  Zergling x10  
  138  8:59  Drone  
  138  9:00  Infestation Pit  
  138  9:04  Drone x8  
  138  9:06  Extractor, Zergling x12  
  138  9:07  Extractor  
  149  9:18  Drone x3  
  149  9:22  Drone x3  
  149  9:23  Overlord x4  
  154  9:31  Zergling x16  
  154  9:35  Baneling x9  
  154  9:36  Baneling x2  
  161  9:39  Zergling x6  
Show
View Real Time Build Order
Export as new Build Order

DieMauer Terran - Winner!

Build Orders: Hellion Opening, Mech 

Get SALT Encoding   

  12  0:00  SCV  
  13  0:12  SCV  
  14  0:17  Supply Depot  
  14  0:24  SCV  
  15  0:38  SCV  
  15  0:40  Barracks  
  16  0:44  Refinery  
  16  0:50  SCV  
  17  1:03  SCV  
  18  1:15  SCV  
  19  1:26  Barracks Reactor  
  19  1:27  Orbital Command  
  19  1:39  Command Center  
  19  1:47  Supply Depot  
  19  1:53  SCV  
  20  2:03  Marine  
  20  2:04  Marine  
  20  2:05  SCV  
  23  2:12  Factory  
  23  2:18  SCV  
  23  2:21  Marine x2  
  26  2:25  Refinery  
  26  2:30  SCV  
  27  2:39  Marine x2  
  27  2:42  SCV  
  30  2:51  Orbital Command  
  30  2:54  SCV  
  30  2:55  Starport  
  31  3:03  Hellion  
  33  3:07  Hellion  
  33  3:09  SCV  
  36  3:16  Supply Depot  
  36  3:17  Marine  
  37  3:20  SCV  
  37  3:26  Hellion  
  40  3:28  Hellion  
  40  3:30  SCV  
  43  3:36  Medivac  
  43  3:37  Marine  
  46  3:42  Armory  
  46  3:50  Hellion x2  
  51  3:57  Supply Depot  
  51  3:59  Barracks Tech Lab  
  50  4:05  SCV x2  
  52  4:20  Command Center  
  52  4:21  Supply Depot  
  52  4:29  Siege Tank  
  55  4:36  Liberator  
  55  4:37  SCV  
  59  4:48  SCV  
  59  4:49  SCV  
  61  5:00  SCV  
  61  5:04  SCV  
  61  5:09  Factory  
  61  5:10  Factory  
  61  5:12  SCV, Hellion x2  
  58  5:18  SCV  
  52  5:22  Viking  
  52  5:23  Barracks Tech Lab  
  49  5:31  SCV x2  
  49  5:32  Refinery  
  49  5:33  Refinery  
  51  5:36  Hellion  
  51  5:40  Orbital Command  
  53  5:43  SCV  
  53  5:45  SCV  
  53  5:47  Terran Vehicle Weapons Level 1  
  55  5:55  SCV  
  56  5:57  SCV  
  56  5:58  Hellion x2, Siege Tank  
  64  6:05  Orbital Command  
  64  6:06  Siege Tank  
  64  6:10  SCV  
  68  6:12  SCV  
  69  6:23  SCV  
  69  6:24  SCV  
  71  6:27  Hellion x2  
  71  6:30  Refinery  
  71  6:32  SCV  
  76  6:34  Refinery  
  76  6:36  SCV x2  
  76  6:39  Supply Depot  
  78  6:41  Supply Depot  
  78  6:44  Thor, SCV  
  85  6:53  SCV x2  
  84  6:56  SCV  
  84  7:01  Thor  
  87  7:04  Supply Depot  
  87  7:05  SCV x2  
  87  7:06  Hellion x2  
  87  7:07  Supply Depot  
  92  7:08  SCV  
  92  7:17  SCV x2  
  92  7:18  Factory  
  92  7:19  Factory  
  92  7:20  Engineering Bay, SCV  
  95  7:26  Infernal Pre-Igniter  
  95  7:29  SCV x2  
  97  7:33  Supply Depot  
  97  7:34  SCV  
  97  7:36  Hellion, Siege Tank  
  97  7:37  Hellion  
  105  7:41  SCV x2  
  105  7:44  Siege Tank  
  110  7:45  Terran Vehicle Weapons Level 2  
  110  7:46  SCV  
  111  7:51  Supply Depot  
  111  7:52  Supply Depot  
  111  7:53  SCV  
  111  7:54  SCV  
  114  7:58  SCV  
  114  8:01  Missile Turret  
  114  8:02  Missile Turret  
  114  8:05  Missile Turret  
  112  8:06  Factory Tech Lab, Factory Reactor  
  112  8:07  Hellion x2  
  112  8:10  SCV x2  
  118  8:15  Supply Depot, Missile Turret  
  118  8:17  Hellion, Siege Tank  
  121  8:29  Siege Tank  
  124  8:39  Thor  
  124  8:40  Hellion  
  124  8:41  Hellion  
  130  8:43  Supply Depot  
  130  8:46  Supply Depot  
  130  8:48  Supply Depot  
  130  8:49  Thor  
  130  8:51  Hellion  
  130  8:52  Hellion  
  140  9:01  Hellion  
  142  9:05  Hellion  
  142  9:06  Hellion  
  146  9:13  Hellion x2  
  150  9:22  Siege Tank  
  150  9:23  Siege Tank  
  156  9:27  Hellion x2  
  160  9:32  Siege Tank  
  160  9:34  Hellion  
  168  10:04  Command Center  
Tags
 
Composition
Mech
Matchup
ЗvТ
Replay Pack
terran openings
Spawn Locations
Cross Positions
Add a new tag
Caveats
  • Supply blocks, unpowered buildings, or Contaminate may cause inaccurate times.
  • Supply counts are checked every 10 seconds.